 Dungeon Crawl Stone Soup version 0.28.0-43-g3370ac3207 (webtiles) character file.

Game seed: 12193533493563315936

424 croobank the Sneak (level 6, 0/36 HPs)
             Began as an Octopode Fire Elementalist on Mar 5, 2022.
             Slain by Duvessa
             ... wielding a +0 rapier
              (14 damage)
             ... on level 4 of the Dungeon.
             The game lasted 00:11:29 (4112 turns).

croobank the Sneak (Octopode Fire Elementalist)     Turns: 4112, Time: 00:11:29

Health: 0/36       AC:  1    Str:  7    XL:     6   Next: 96%
Magic:  5/11       EV: 14    Int: 19    God:
Gold:   90         SH:  0    Dex: 13    Spells: 4/11 levels left

rFire   . . .      SeeInvis .   b - +0 short sword
rCold   . . .      Faith    .   (no shield)
rNeg    . . .      Spirit   .   (helmet restricted)
rPois   .          Reflect  .   (no amulet)
rElec   .          Harm     .   g - +4 ring of slaying
rCorr   .          Rampage  .   (no ring)
Will    .....                   (no ring)
Stlth   ++++......              (no ring)
HPRegen 0.12/turn               (no ring)
MPRegen 0.12/turn               (no ring)
                                (no ring)
                                (no ring)

@: no status effects
A: almost no armour, amphibious, 8 rings, camouflage 1, gelatinous body 1,
(nimble swimmer 1), tentacles
a: no special abilities


You were on level 4 of the Dungeon.
You visited 1 branch of the dungeon, and saw 4 of its levels.

You collected 145 gold pieces.
You spent 55 gold pieces at shops.

Inventory:

Hand Weapons
 b - a +0 short sword (weapon)
Missiles
 c - 171 stones
 d - 48 sling bullets
 e - 80 bolts
 l - 6 silver javelins
Jewellery
 g - a +4 ring of slaying (left tentacle)
Scrolls
 a - 2 scrolls of teleportation
 f - a scroll of amnesia {unknown}
 h - 2 scrolls of identify
 i - a scroll of summoning {unknown}
 j - a scroll of enchant weapon {unknown}
Potions
 k - a potion of lignification {unknown}
 m - a potion of resistance {unknown}


   Skills:
 + Level 3.5 Dodging
 + Level 5.1 Stealth
 + Level 3.3 Spellcasting
 + Level 3.0 Conjurations
 + Level 4.2 Fire Magic


You had 4 spell levels left.
You knew the following spells:

 Your Spells              Type           Power      Damage    Failure   Level
a - Foxfire               Conj/Fire      68%        2x1d7     3%          1
b - Scorch                Fire           38%        2d6       3%          2
c - Flame Wave            Conj/Fire      17%        2d6       32%         4

Your spell library contained the following spells:

 Spells                   Type           Power      Damage    Failure   Level
 Conjure Flame            Conj/Fire      17%        6-21      10%         3
 Inner Flame              Hex/Fire       11%        N/A       19%         3
 Frozen Ramparts          Ice            6%         1d2       41%         3
 Ozocubu's Armour         Ice            3%         N/A       41%         3
 Summon Guardian Golem    Hex/Summ       3%         N/A       41%         3
 Ice Form                 Ice/Tmut       3%         N/A       82%         4
 Summon Ice Beast         Ice/Summ       3%         N/A       82%         4
 Orb of Destruction       Conj           7%         9d6       100%        7
 Ozocubu's Refrigeration  Ice            1%         4d5       100%        7
 Spellforged Servitor     Conj/Summ      4%         N/A       100%        7


Dungeon Overview and Level Annotations

Branches:
Dungeon (4/15)
 Temple: D:4-7

Altars:
Gozag

Shops:
D:1 [   D:2 ?

Annotations:
D:4 Dowan, Duvessa


Innate Abilities, Weirdness & Mutations

You cannot wear most types of armour.
You are amphibious.
You can wear up to eight rings at the same time.
Your skin changes colour to match your surroundings (Stealth+).
Your rubbery body absorbs attacks. (AC +1, EV +1)
((You are camouflaged when in or above water. (Stealth+)))
You have tentacles for arms and can constrict up to eight enemies at once.


Message History

The iguana hisses angrily.
The foxfire hits Dowan.
Dowan is lightly wounded.
The foxfire hits Dowan.
Dowan is moderately wounded.
Casting: Foxfire (safe; 3% risk of failure)
Confirm with . or Enter, or press ? or * to list all spells.
Flames lash the iguana.
The iguana is heavily wounded.
The iguana's fire resistance burns away.
You can't go down here!
Dowan hits you with a +0 dagger.
You climb upwards.
There is a stone staircase leading down here.
Saving game... please wait.
Welcome back, croobank the Octopode Fire Elementalist.
Press ? for a list of commands and other information.
There is an open door here.
Magic restored.
HP restored.
There is a stone staircase leading down here.
You climb downwards.
Level annotation: Dowan, Duvessa The kobold hits you with a +0 club.
There is a stone staircase leading up here.
Cast which spell? (? or * to list) Flames lash Duvessa.
Duvessa is lightly wounded.
Duvessa's fire resistance burns away.
The kobold misses you.
Casting: Scorch (safe; 3% risk of failure)
Confirm with . or Enter, or press ? or * to list all spells.
Flames lash Duvessa.
Duvessa is burned terribly!
Duvessa is moderately wounded.
Duvessa hits you with a +0 rapier! The kobold hits you with a +0 club.
Casting: Scorch (safe; 3% risk of failure)
Confirm with . or Enter, or press ? or * to list all spells.
Flames lash Duvessa but do no damage.
You hear a bark!
Duvessa hits you with a +0 rapier!
You die...

... ....#.
#...## ...
...#.###..
........## .
##.....[..#..
#.#......./....
.............
##.)........
#...@..#
......Ke..#
.#.##....##
......###..
.##..... ... .
# ..##.###.[ ..
... ##$....##
... ##.#
#.......## ....
#........#.....


You could see Duvessa (combustible) and a kobold.

Vanquished Creatures
  A sky beast (D:3)
  An ogre (D:4)
  A scorpion (D:4)
  An orc priest (D:3)
  An iguana (D:4)
  An orc wizard (D:3)
  Robin (D:2)
  2 adders (D:2)
  3 dart slugs
  4 orcs
  5 bats
  9 endoplasms
  2 giant cockroaches
  13 goblins
  9 hobgoblins
  2 jackals (D:4)
  5 quokkas
  4 ball pythons
  3 frilled lizards
  5 kobolds
  6 rats
79 creatures vanquished.

Vanquished Creatures (collateral kills)
  2 foxfires (D:1)
2 creatures vanquished.

Vanquished Creatures (others)
  127 foxfires
127 creatures vanquished.

Grand Total: 208 creatures vanquished

Notes
Turn   | Place    | Note
-------+----------+-------------------------------------------
     0 | D:1      | croobank the Octopode Fire Elementalist began the quest for
                  | the Orb.
     0 | D:1      | Reached XP level 1. HP: 11/11 MP: 3/3
   305 | D:1      | Found Wido's Antique Armour Shoppe.
   382 | D:1      | Reached XP level 2. HP: 17/17 MP: 0/5
   385 | D:1      | Learned a level 2 spell: Scorch
   473 | D:1      | Reached skill level 3 in Stealth
   946 | D:1      | Reached XP level 3. HP: 21/21 MP: 2/6
  1121 | D:2      | Noticed Robin
  1606 | D:2      | Reached XP level 4. HP: 21/27 MP: 4/7
  1611 | D:2      | Learned a level 4 spell: Flame Wave
  1842 | D:2      | Killed Robin
  1972 | D:2      | Found Odatuuh's Magic Scroll Shop.
  1980 | D:2      | Bought a scroll of teleportation for 33 gold pieces
  1980 | D:2      | Bought a scroll of identify for 22 gold pieces
  2153 | D:3      | Found an opulent altar of Gozag.
  2391 | D:3      | Reached skill level 4 in Stealth
  2391 | D:3      | Reached XP level 5. HP: 27/31 MP: 5/9
  3384 | D:4      | Noticed a sky beast
  3385 | D:4      | Noticed an ogre
  3394 | D:3      | Killed a sky beast
  3395 | D:3      | Reached XP level 6. HP: 14/36 MP: 1/10
  3726 | D:4      | Reached skill level 5 in Stealth
  3949 | D:4      | Noticed Duvessa
  4050 | D:4      | Noticed Dowan
  4112 | D:4      | Slain by Duvessa

Illustrated notes

Levels and vault maps discovered:
D:1:      minmay_arrival_jagged, layout_loops_cross, serial_shops, shop_statue,
          serial_bayou_lake_a
D:2:      layout_rooms, serial_shops, nicolae_shop_crystal, uniq_robin
D:3:      layout_basic, nicolae_gozag_cash_rules_everything_around_me,
          serial_rivers, chequers_serial_rivers_small_b,
          chequers_serial_rivers_large_a, chequers_serial_rivers_micro_e,
          chequers_serial_rivers_micro_e, chequers_serial_rivers_micro_e,
          chequers_serial_rivers_room_b
D:4:      layout_cave_pools, guppyfry_early_orc_mine, uniq_duvessa

Skill      XL: |  1  2  3  4  5  6 |
---------------+-------------------+-----
Stealth        | 3 4 5 |  5.1
Conjurations   | 2 3 |  3.0
Dodging        | 3 |  3.5
Spellcasting   | 3 |  3.3
Fire Magic     | 4 |  4.2

Action                   |  1- 3 |  4- 6 || total
-------------------------+-------+-------++-------
Melee: Unarmed           |     3 |       ||     3
       Short sword       |    14 |    14 ||    28
       Constrict         |     4 |     2 ||     6
       Tentacles         |     3 |     4 ||     7
 Cast: Foxfire           |    39 |    39 ||    78
       Scorch            |     4 |    18 ||    22
       Flame Wave        |       |     2 ||     2
  Use: Scroll            |     2 |       ||     2
Armor: Skin              |     1 |     2 ||     3
Dodge: Dodged            |    23 |    25 ||    48
